Map: Одиссея РВ

Players

Murena - Winner!

  • Race: Terran Terran
  • Spawn Location: 5:00

ИИ 1 (эксперт)

  • Race: Terran Terran
  • Spawn Location: 11:00

VOD

Have the link to the VOD?

Description

Time

  • Played on: Feb. 27, 2019, 10:09 a.m.
  • Length: 11:48
Show
View Real Time Build Order
Export as new Build Order

Murena Terran - Winner!

Build Orders: Command Center First (CC) 

Get SALT Encoding   

  12  0:00  SCV  
  13  0:13  SCV  
  14  0:25  SCV  
  15  0:46  Command Center  
  15  0:54  Supply Depot  
  15  1:16  SCV, Barracks  
  16  1:18  Refinery  
  16  1:29  SCV  
  17  1:42  Supply Depot, SCV  
  17  1:46  Refinery  
  18  1:55  SCV  
  18  1:58  SCV  
  20  2:03  Marine  
  20  2:07  Orbital Command  
  21  2:11  SCV  
  22  2:21  Marine  
  23  2:24  SCV  
  24  2:32  Factory  
  24  2:34  SCV  
  25  2:38  SCV  
  25  2:42  Marine  
  27  2:46  SCV  
  28  2:52  SCV  
  29  2:59  SCV  
  29  3:03  Barracks Tech Lab  
  29  3:05  Orbital Command  
  30  3:12  SCV  
  31  3:17  Starport  
  31  3:19  Hellion  
  33  3:22  Marauder  
  33  3:23  Combat Shield  
  33  3:25  SCV  
  36  3:31  SCV  
  37  3:40  Factory Tech Lab  
  37  3:42  SCV  
  37  3:45  Refinery, SCV  
  37  3:46  Refinery  
  37  3:47  Marauder  
  41  3:51  Supply Depot  
  41  3:53  Starport Tech Lab  
  41  3:55  SCV  
  42  3:59  Cyclone  
  42  4:01  SCV  
  46  4:13  Supply Depot, SCV, Banshee  
  46  4:15  Marauder  
  46  4:16  SCV  
  53  4:28  Starport  
  53  4:33  Starport  
  53  4:34  SCV  
  53  4:38  SCV  
  55  4:41  Cyclone  
  55  4:45  Marauder  
  60  4:46  Concussive Shells  
  60  4:48  SCV  
  60  4:51  Supply Depot  
  60  4:52  SCV  
  62  4:57  Engineering Bay  
  62  5:06  Starport Tech Lab  
  62  5:07  Cloaking Field  
  62  5:13  Starport Tech Lab  
  62  5:15  Banshee  
  62  5:18  SCV x2  
  69  5:21  Marauder  
  69  5:27  Command Center  
  69  5:31  SCV  
  70  5:35  Supply Depot  
  70  5:38  Hyperflight Rotors  
  70  5:40  Stimpack  
  70  5:50  Starport  
  70  5:58  Supply Depot, Banshee  
  70  5:59  Banshee  
  76  6:11  Supply Depot  
  76  6:12  SCV x2  
  76  6:16  Supply Depot  
  78  6:21  Terran Infantry Weapons Level 1  
  78  6:24  Banshee  
  81  6:25  SCV  
  81  6:26  SCV  
  81  6:27  Starport Tech Lab  
  83  6:34  Missile Turret  
  83  6:37  Missile Turret  
  83  6:39  Supply Depot  
  83  6:42  Banshee  
  83  6:43  Banshee  
  83  6:45  SCV  
  83  6:46  SCV x2  
  92  6:49  Banshee  
  95  7:00  SCV x3  
  98  7:03  Supply Depot  
  98  7:05  Supply Depot  
  98  7:07  Banshee  
  101  7:13  Marauder  
  101  7:14  Cyclone  
  106  7:17  SCV x3  
  109  7:25  Command Center  
  109  7:26  Supply Depot, Banshee  
  109  7:27  Banshee  
  115  7:33  Banshee  
  115  7:35  Refinery  
  118  7:38  Refinery  
  118  7:39  SCV x2  
  118  7:40  Missile Turret  
  118  7:41  SCV  
  121  7:48  Hellion  
  121  7:50  Marauder  
  125  7:52  Banshee  
  125  7:54  Supply Depot  
  128  8:01  Orbital Command  
  128  8:02  SCV x2  
  130  8:11  Banshee  
  130  8:12  Banshee  
  136  8:13  Barracks  
  136  8:16  Barracks  
  136  8:17  Banshee  
  139  8:21  SCV x2  
  139  8:24  Marauder  
  139  8:25  Terran Infantry Armor Level 1  
  143  8:27  SCV  
  144  8:35  Banshee  
  144  8:37  Supply Depot, Barracks  
  147  8:41  Cyclone  
  147  8:42  SCV x2  
  147  8:43  SCV x2  
  147  8:48  Supply Depot  
  154  8:49  Marauder  
  156  8:58  Banshee x2  
  156  9:00  Barracks Tech Lab  
  162  9:04  Barracks Tech Lab  
  162  9:06  Banshee  
  165  9:10  Marauder  
Show
View Real Time Build Order
Export as new Build Order

ИИ 1 (эксперт) Terran 

Build Orders: Mech 

Get SALT Encoding   

  12  0:00  SCV  
  13  0:13  SCV  
  14  0:18  Supply Depot  
  14  0:25  SCV  
  15  0:30  Refinery  
  15  0:39  SCV  
  16  0:47  Barracks  
  16  0:51  SCV  
  17  1:03  SCV  
  18  1:10  Supply Depot  
  18  1:15  SCV  
  19  1:28  SCV  
  20  1:33  Marine  
  20  1:35  Factory  
  21  1:43  Barracks  
  21  1:45  SCV  
  22  1:51  Marine  
  23  1:57  SCV  
  24  2:02  Supply Depot  
  24  2:09  SCV, Marine  
  26  2:19  Factory Tech Lab  
  26  2:21  SCV  
  27  2:27  Marine  
  28  2:34  SCV  
  28  2:35  Marine  
  30  2:39  Siege Tank  
  33  2:46  SCV  
  34  3:06  SCV  
  34  3:07  Command Center  
  35  3:19  Refinery, Orbital Command  
  35  3:37  Marine  
  35  3:38  Factory  
  35  3:40  Marine  
  37  3:45  SCV  
  38  3:57  SCV  
  38  3:59  Supply Depot  
  39  4:18  SCV x2  
  39  4:21  Siege Tank, Factory Tech Lab  
  44  4:30  SCV x2  
  46  4:40  Siege Tank  
  46  4:41  Supply Depot, Marine  
  46  4:42  SCV x2  
  52  4:53  Supply Depot  
  52  4:54  SCV x2  
  52  4:58  Siege Tank  
  57  5:07  SCV x2  
  59  5:08  Refinery  
  59  5:09  Barracks Tech Lab  
  59  5:12  Hellion, Refinery  
  61  5:19  SCV x2  
  63  5:31  Hellion, SCV, Orbital Command, Factory  
  63  5:33  Siege Tank  
  69  5:36  Supply Depot  
  69  5:40  Armory  
  69  5:43  SCV  
  69  5:45  Command Center  
  70  5:52  Hellion  
  72  6:00  SCV  
  72  6:02  SCV  
  74  6:07  Hellion  
  76  6:12  SCV  
  76  6:15  SCV  
  76  6:16  Supply Depot  
  78  6:20  Armory  
  78  6:21  Siege Tank  
  78  6:24  Hellion, SCV  
  84  6:27  SCV  
  84  6:28  Terran Vehicle And Ship Armor Level 1  
  85  6:33  Infernal Pre-Igniter  
  85  6:36  SCV  
  85  6:37  Hellion  
  85  6:39  SCV  
  89  6:40  Marine  
  89  6:41  Supply Depot  
  89  6:42  Marine  
  91  6:50  Engineering Bay  
  91  6:57  SCV  
  91  6:58  SCV  
  91  6:59  SCV, Marauder  
  96  7:08  Terran Vehicle Weapons Level 1  
  96  7:09  SCV  
  96  7:11  SCV x2  
  99  7:18  Missile Turret  
  99  7:20  Terran Infantry Weapons Level 1, Marauder  
  99  7:22  SCV  
  102  7:23  SCV  
  102  7:24  SCV  
  102  7:29  Missile Turret  
  104  7:32  Supply Depot  
  104  7:34  SCV  
  104  7:35  SCV  
  104  7:36  Engineering Bay, Orbital Command  
  106  7:37  Missile Turret  
  106  7:38  Missile Turret  
  106  7:39  Cyclone  
  106  7:41  Marauder  
  111  7:45  Cyclone  
  111  7:46  SCV  
  115  7:54  SCV, Marine  
  115  7:55  Hellion  
  115  7:56  Supply Depot  
  115  7:58  SCV  
  120  8:01  Terran Infantry Armor Level 1, SCV  
  120  8:02  Missile Turret, Marine  
  120  8:03  Stimpack  
  122  8:06  SCV  
  122  8:12  Hellion  
  125  8:17  SCV  
  125  8:18  Widow Mine x2  
  130  8:20  Supply Depot  
  130  8:21  Marauder  
  130  8:24  Starport  
  130  8:25  Missile Turret  
  132  8:38  Barracks Reactor, Barracks  
  132  8:40  Refinery  
  132  8:42  Widow Mine x2  
  132  8:45  Command Center, Supply Depot  
  136  8:49  Missile Turret  
  136  9:00  Starport Tech Lab  
  136  9:06  Terran Vehicle Weapons Level 2  
  136  9:07  Refinery  
  136  9:10  Supply Depot  
  136  9:15  Marauder  
  136  9:16  Marine x2  
  128  9:18  Medivac  
  105  9:25  Barracks Tech Lab  
  105  9:28  Siege Tank, Hellion  
  105  9:31  Siege Tank, SCV  
  97  9:34  Marine x2  
  97  9:36  Marauder  
  91  9:43  Marauder  
  93  9:48  Viking  
  93  9:50  Hellion  
  93  9:52  Marine x2  
  99  9:57  SCV  
  99  9:58  Marauder  
  95  10:00  Siege Tank, SCV  
  95  10:03  Hellion  
  95  10:05  Marauder  
  95  10:06  Refinery  
  89  10:10  Marine  
  86  10:15  Marine  
  86  10:18  Viking, SCV  
  86  10:19  SCV, Marauder  
  86  10:20  Hellion  
  86  10:24  Siege Tank, SCV  
  86  10:26  Marine  
  86  10:28  Marine  
  68  10:33  Hellion, Marine  
  57  10:48  Viking  
  47  10:50  Command Center  
Tags
 
Add a new tag
Caveats
  • Supply blocks, unpowered buildings, or Contaminate may cause inaccurate times.
  • Supply counts are checked every 10 seconds.